2436 views
Uploaded 2024-04-27 03:24:25
Game version 1.36 (6115)
24:52 long 3on3 ladder game on (6)ThunderLake_LV
Saved by GIGA
2436 views
Uploaded 2024-04-27 03:24:25
Game version 1.36 (6115)
24:52 long 3on3 ladder game on (6)ThunderLake_LV


133 units @ 19.2k
/ 2.8k
83 buildings @ 12.3k
/ 5k



| Healing Salve | 4 | 400 |
| Lesser Clarity Potion | 4 | 280 |
| Scroll of Speed | 2 | 100 |
| Orb of Lightning | 2 | 750 |
| Potion of Healing | 1 | 150 |
| Potion of Mana | 6 | 1200 |
| Tiny Great Hall | 1 | 600 |
| Boots of Speed | 1 | 250 |
| Staff of Sanctuary | 1 | 250 |
| Slippers of Agility +3 | 1 | 100 |
| Potion of Greater Healing | 1 | 400 |
| total: | 24 | 4480g |
| Peon | 7 | 525 | / | 0 |
| Grunt | 7 | 1400 | / | 0 |
| Troll Headhunter | 12 | 1680 | / | 240 |
| Shaman | 1 | 130 | / | 20 |
| Troll Witch Doctor | 3 | 435 | / | 75 |
| Demolisher | 8 | 1760 | / | 400 |
| Troll Batrider | 5 | 800 | / | 200 |
| Goblin Shredder | 2 | 750 | / | 200 |
| total: | 45 | 7480g | / | 1135w |
| Altar of Storms | 1 | 180 | / | 50 |
| Orc Burrow | 7 | 1120 | / | 280 |
| Barracks | 2 | 360 | / | 100 |
| War Mill | 1 | 205 | / | 0 |
| Voodoo Lounge | 2 | 260 | / | 60 |
| Great Hall | 2 | 770 | / | 370 |
| Spirit Lodge | 2 | 300 | / | 300 |
| Beastiary | 2 | 290 | / | 280 |
| Stronghold | 2 | 630 | / | 380 |
| Fortress | 1 | 325 | / | 190 |
| total: | 19 | 3485g | / | 1440w |
| 0:02 | Peon |
| 0:02 | Peon |
| 0:02 | Peon |
| 0:19 | Altar of Storms |
| 0:28 | Orc Burrow |
| 0:45 | Peon |
| 0:49 | Barracks |
| 0:56 | Peon |
| 1:10 | War Mill |
| 1:20 | Peon |
| 1:45 | Orc Burrow |
| 1:51 | Grunt |
| 1:51 | Grunt |
| 1:52 | Grunt |
| 1:52 | Grunt |
| 1:52 | Grunt |
| 1:52 | Grunt |
| 1:52 | Grunt |
| 2:08 | Voodoo Lounge |
| 2:20 | Critical Strike |
| 2:22 | Troll Headhunter |
| 2:36 | Peon |
| 2:40 | Troll Headhunter |
| 2:40 | Troll Headhunter |
| 2:40 | Troll Headhunter |
| 2:40 | Troll Headhunter |
| 2:40 | Troll Headhunter |
| 2:40 | Troll Headhunter |
| 3:06 | Troll Headhunter |
| 3:26 | Orc Burrow |
| 3:35 | Troll Headhunter |
| 4:16 | Great Hall |
| 4:21 | Mirror Image |
| 4:26 | Healing Salve |
| 4:36 | Stronghold |
| 4:58 | Boots of Speed |
| 5:31 | Goblin Shredder |
| 5:32 | Goblin Shredder |
| 5:58 | Orc Burrow |
| 6:09 | Wind Walk |
| 7:16 | Spirit Lodge |
| 7:18 | Spirit Lodge |
| 7:27 | Troll Headhunter |
| 8:14 | Hex |
| 8:16 | Healing Salve |
| 8:16 | Healing Salve |
| 8:16 | Lesser Clarity Potion |
| 8:16 | Scroll of Speed |
| 8:43 | Shaman |
| 8:44 | Troll Headhunter |
| 8:45 | Fortress |
| 9:07 | Troll Headhunter |
| 9:08 | Shaman Adept Training |
| 9:09 | Witch Doctor Adept Training |
| 9:12 | Beastiary |
| 9:14 | Steel Ranged Weapons |
| 9:15 | Reinforced Defenses |
| 9:55 | Troll Regeneration |
| 9:56 | Troll Witch Doctor |
| 10:32 | Beastiary |
| 10:35 | Orc Burrow |
| 10:43 | Healing Wave |
| 11:20 | Slippers of Agility +3 |
| 11:23 | Potion of Greater Healing |
| 12:09 | Mirror Image |
| 12:46 | Shaman Master Training |
| 12:46 | Witch Doctor Master Training |
| 13:19 | Troll Witch Doctor |
| 13:51 | Shockwave |
| 13:52 | Orb of Lightning |
| 13:52 | Potion of Healing |
| 13:53 | Potion of Mana |
| 13:53 | Potion of Mana |
| 13:54 | Healing Salve |
| 13:54 | Lesser Clarity Potion |
| 14:26 | Potion of Mana |
| 14:27 | Potion of Mana |
| 15:05 | Lesser Clarity Potion |
| 15:10 | Berserker Upgrade |
| 15:10 | Burning Oil |
| 15:12 | Troll Witch Doctor |
| 15:14 | War Drums Damage Increase |
| 15:15 | Thorium Ranged Weapons |
| 15:16 | Steel Armor |
| 15:48 | Barracks |
| 17:06 | Demolisher |
| 17:10 | Orc Burrow |
| 17:53 | Demolisher |
| 17:54 | Arcanite Ranged Weapons |
| 17:57 | Orc Burrow |
| 18:23 | Demolisher |
| 19:11 | Potion of Mana |
| 19:14 | Lesser Clarity Potion |
| 19:16 | Staff of Sanctuary |
| 19:40 | Demolisher |
| 19:42 | Thorium Armor |
| 20:06 | Demolisher |
| 20:46 | Demolisher |
| 21:07 | Demolisher |
| 21:07 | Demolisher |
| 21:09 | Arcanite Armor |
| 21:21 | Orb of Lightning |
| 21:23 | Potion of Mana |
| 21:23 | Scroll of Speed |
| 21:25 | Tiny Great Hall |
| 22:03 | Healing Wave |
| 23:01 | Voodoo Lounge |
| 23:04 | Great Hall |
| 23:51 | Troll Batrider |
| 23:51 | Troll Batrider |
| 23:56 | Troll Batrider |
| 24:21 | Serpent Ward |
| 24:27 | Troll Batrider |
| 24:35 | Troll Batrider |
| Right click | 1413 |
| Select group | 1283 |
| Select | 619 |
| Misc. action | 211 |
| Build/train/purchase | 140 |
| Use ability | 81 |
| Assign group | 66 |
| Resource trade | 26 |
| Item give/drop | 15 |
| Chat | 13 |
| Minimap ping | 5 |


| Lesser Clarity Potion | 2 | 140 |
| Scroll of Regeneration | 6 | 600 |
| Potion of Healing | 3 | 450 |
| Potion of Mana | 7 | 1400 |
| Ivory Tower | 2 | 80 |
| Scroll of Healing | 1 | 250 |
| Scroll of Town Portal | 1 | 350 |
| Potion of Lesser Invulnerability | 1 | 150 |
| total: | 23 | 3420g |
| Peasant | 17 | 1275 | / | 0 |
| Footman | 13 | 1755 | / | 0 |
| Mortar Team | 10 | 1800 | / | 700 |
| Siege Engine | 2 | 390 | / | 120 |
| total: | 42 | 5220g | / | 820w |
| Scout Tower | 4 | 120 | / | 80 |
| Arcane Tower | 2 | 140 | / | 100 |
| Guard Tower | 3 | 210 | / | 150 |
| Farm | 14 | 1120 | / | 280 |
| Altar of Kings | 2 | 360 | / | 100 |
| Barracks | 2 | 320 | / | 120 |
| Arcane Vault | 4 | 520 | / | 120 |
| Lumber Mill | 1 | 120 | / | 0 |
| Town Hall | 1 | 385 | / | 205 |
| Blacksmith | 1 | 140 | / | 60 |
| Workshop | 6 | 840 | / | 840 |
| Keep | 1 | 320 | / | 210 |
| Castle | 1 | 360 | / | 210 |
| total: | 35 | 3925g | / | 1805w |
| 0:02 | Peasant |
| 0:03 | Peasant |
| 0:03 | Peasant |
| 0:23 | Peasant |
| 0:36 | Farm |
| 0:39 | Peasant |
| 0:50 | Altar of Kings |
| 0:55 | Altar of Kings |
| 1:00 | Peasant |
| 1:14 | Barracks |
| 1:15 | Barracks |
| 1:19 | Peasant |
| 1:19 | Peasant |
| 1:33 | Farm |
| 1:43 | Peasant |
| 1:52 | Farm |
| 2:22 | Footman |
| 2:28 | Footman |
| 2:38 | Defend |
| 2:47 | Farm |
| 2:54 | Scout Tower |
| 2:58 | Flame Strike |
| 3:03 | Footman |
| 3:18 | Footman |
| 3:29 | Arcane Vault |
| 3:40 | Arcane Tower |
| 3:49 | Footman |
| 4:18 | Footman |
| 4:24 | Farm |
| 4:52 | Siphon Mana |
| 4:57 | Keep |
| 5:07 | Lumber Mill |
| 5:17 | Lesser Clarity Potion |
| 5:17 | Scroll of Regeneration |
| 5:47 | Town Hall |
| 5:52 | Scout Tower |
| 5:55 | Scout Tower |
| 5:55 | Scout Tower |
| 6:44 | Footman |
| 6:52 | Arcane Tower |
| 6:53 | Guard Tower |
| 7:09 | Footman |
| 7:24 | Flame Strike |
| 7:46 | Farm |
| 7:50 | Peasant |
| 7:50 | Peasant |
| 7:58 | Peasant |
| 7:59 | Peasant |
| 8:03 | Guard Tower |
| 8:04 | Peasant |
| 8:18 | Lesser Clarity Potion |
| 8:19 | Scroll of Regeneration |
| 8:20 | Potion of Healing |
| 8:28 | Potion of Mana |
| 8:34 | Peasant |
| 8:34 | Peasant |
| 8:40 | Farm |
| 8:41 | Farm |
| 8:42 | Farm |
| 8:42 | Farm |
| 8:52 | Blacksmith |
| 8:58 | Farm |
| 8:59 | Farm |
| 8:59 | Farm |
| 9:34 | Footman |
| 9:34 | Footman |
| 10:55 | Workshop |
| 10:56 | Workshop |
| 10:56 | Workshop |
| 11:01 | Workshop |
| 11:11 | Potion of Lesser Invulnerability |
| 11:11 | Scroll of Healing |
| 11:23 | Arcane Vault |
| 11:28 | Studded Leather Armor |
| 11:28 | Black Gunpowder |
| 11:30 | Peasant |
| 11:43 | Potion of Healing |
| 11:44 | Scroll of Regeneration |
| 11:50 | Holy Light |
| 12:03 | Mortar Team |
| 12:04 | Mortar Team |
| 12:14 | Arcane Vault |
| 12:33 | Mortar Team |
| 13:59 | Footman |
| 13:59 | Footman |
| 13:59 | Footman |
| 15:10 | Castle |
| 15:17 | Farm |
| 15:49 | Scroll of Town Portal |
| 15:49 | Scroll of Regeneration |
| 16:13 | Workshop |
| 16:14 | Workshop |
| 16:39 | Arcane Vault |
| 16:42 | Ivory Tower |
| 16:42 | Ivory Tower |
| 16:55 | Guard Tower |
| 17:06 | Mortar Team |
| 17:06 | Mortar Team |
| 17:35 | Potion of Mana |
| 17:35 | Potion of Healing |
| 17:38 | Fragmentation Shards |
| 17:38 | Mortar Team |
| 18:38 | Scroll of Regeneration |
| 18:42 | Mortar Team |
| 19:28 | Potion of Mana |
| 19:28 | Potion of Mana |
| 20:05 | Mortar Team |
| 20:49 | Divine Shield |
| 21:29 | Scroll of Regeneration |
| 21:29 | Potion of Mana |
| 21:29 | Potion of Mana |
| 22:18 | Potion of Mana |
| 22:26 | Mortar Team |
| 22:26 | Mortar Team |
| 23:00 | Siphon Mana |
| 23:31 | Barrage |
| 23:32 | Siege Engine |
| 23:32 | Siege Engine |
| Right click | 883 |
| Select group | 660 |
| Select | 488 |
| Build/train/purchase | 144 |
| Misc. action | 79 |
| Assign group | 55 |
| Use ability | 38 |
| Item give/drop | 4 |



| Sacrificial Skull | 1 | 50 |
| Potion of Healing | 5 | 750 |
| Potion of Mana | 5 | 1000 |
| Dust of Appearance | 1 | 75 |
| Scroll of Town Portal | 1 | 350 |
| Scroll of Healing | 2 | 500 |
| Boots of Speed | 1 | 250 |
| Orb of Fire | 1 | 325 |
| total: | 17 | 3300g |
| Acolyte | 16 | 1200 | / | 0 |
| Ghoul | 14 | 1680 | / | 0 |
| Crypt Fiend | 5 | 1075 | / | 200 |
| Obsidian Statue | 4 | 800 | / | 140 |
| Frost Wyrm | 3 | 1155 | / | 360 |
| Banshee | 4 | 620 | / | 120 |
| total: | 46 | 6530g | / | 820w |
| Spirit Tower | 4 | 580 | / | 160 |
| Ziggurat | 12 | 1800 | / | 600 |
| Crypt | 1 | 200 | / | 50 |
| Altar of Darkness | 2 | 360 | / | 100 |
| Graveyard | 2 | 430 | / | 0 |
| Tomb of Relics | 2 | 260 | / | 60 |
| Necropolis | 4 | 900 | / | 0 |
| Slaughterhouse | 2 | 280 | / | 270 |
| Temple of the Damned | 2 | 310 | / | 280 |
| Boneyard | 2 | 350 | / | 400 |
| Halls of the Dead | 1 | 320 | / | 210 |
| Black Citadel | 2 | 650 | / | 460 |
| total: | 29 | 4890g | / | 1760w |
| 0:01 | Acolyte |
| 0:02 | Acolyte |
| 0:13 | Ziggurat |
| 0:18 | Crypt |
| 0:36 | Altar of Darkness |
| 0:38 | Altar of Darkness |
| 0:59 | Graveyard |
| 1:21 | Ghoul |
| 1:25 | Tomb of Relics |
| 1:36 | Ghoul |
| 1:37 | Ghoul |
| 1:53 | Ghoul |
| 2:04 | Ziggurat |
| 2:17 | Ghoul |
| 2:17 | Ghoul |
| 2:17 | Ghoul |
| 2:17 | Ghoul |
| 2:17 | Ghoul |
| 2:17 | Ghoul |
| 2:17 | Ghoul |
| 2:17 | Ghoul |
| 2:17 | Ghoul |
| 2:17 | Ghoul |
| 2:39 | Carrion Beetles |
| 2:55 | Sacrificial Skull |
| 2:55 | Dust of Appearance |
| 2:59 | Acolyte |
| 3:00 | Crypt Fiend |
| 3:42 | Impale |
| 3:45 | Necropolis |
| 3:55 | Ziggurat |
| 4:48 | Boots of Speed |
| 5:01 | Halls of the Dead |
| 5:08 | Crypt Fiend |
| 5:41 | Crypt Fiend |
| 5:43 | Acolyte |
| 5:44 | Acolyte |
| 5:44 | Acolyte |
| 5:44 | Acolyte |
| 5:44 | Acolyte |
| 5:44 | Acolyte |
| 5:44 | Acolyte |
| 5:44 | Acolyte |
| 5:44 | Acolyte |
| 5:44 | Acolyte |
| 5:44 | Acolyte |
| 5:47 | Carrion Beetles |
| 6:00 | Acolyte |
| 6:00 | Acolyte |
| 6:04 | Ziggurat |
| 6:39 | Ziggurat |
| 6:41 | Tomb of Relics |
| 7:22 | Black Citadel |
| 8:00 | Impale |
| 8:12 | Slaughterhouse |
| 8:13 | Slaughterhouse |
| 8:27 | Potion of Healing |
| 8:27 | Potion of Mana |
| 8:28 | Potion of Mana |
| 8:28 | Potion of Healing |
| 8:31 | Creature Attack |
| 8:31 | Creature Carapace |
| 8:47 | Death Coil |
| 8:56 | Web |
| 9:00 | Ziggurat |
| 9:02 | Ziggurat |
| 9:55 | Obsidian Statue |
| 9:56 | Destroyer Form |
| 11:26 | Unholy Aura |
| 11:45 | Carrion Swarm |
| 11:49 | Scroll of Town Portal |
| 11:54 | Scroll of Healing |
| 11:56 | Scroll of Healing |
| 11:57 | Potion of Healing |
| 11:57 | Potion of Mana |
| 12:06 | Temple of the Damned |
| 12:15 | Graveyard |
| 12:57 | Improved Creature Attack |
| 12:58 | Improved Creature Carapace |
| 13:00 | Temple of the Damned |
| 13:44 | Banshee Adept Training |
| 13:48 | Boneyard |
| 13:52 | Boneyard |
| 14:00 | Sleep |
| 14:48 | Banshee Master Training |
| 15:11 | Necropolis |
| 15:12 | Necropolis |
| 15:57 | Carrion Beetles |
| 15:57 | Carrion Beetles |
| 16:24 | Death Coil |
| 16:53 | Frost Wyrm |
| 16:54 | Banshee |
| 16:55 | Banshee |
| 16:56 | Obsidian Statue |
| 17:00 | Ziggurat |
| 17:00 | Ziggurat |
| 17:01 | Ziggurat |
| 17:02 | Ziggurat |
| 17:03 | Ziggurat |
| 17:15 | Advanced Creature Attack |
| 17:15 | Advanced Creature Carapace |
| 18:26 | Spirit Tower |
| 20:20 | Carrion Swarm |
| 21:01 | Necropolis |
| 22:34 | Spirit Tower |
| 23:55 | Unholy Aura |
| 24:07 | Spirit Tower |
| 24:14 | Obsidian Statue |
| 24:14 | Obsidian Statue |
| 24:16 | Crypt Fiend |
| 24:16 | Crypt Fiend |
| 24:17 | Frost Wyrm |
| 24:17 | Frost Wyrm |
| 24:19 | Banshee |
| 24:19 | Banshee |
| 24:32 | Potion of Healing |
| 24:33 | Potion of Mana |
| 24:37 | Potion of Healing |
| 24:37 | Potion of Mana |
| 24:40 | Orb of Fire |
| Right click | 725 |
| Select group | 517 |
| Select | 486 |
| Misc. action | 250 |
| Build/train/purchase | 129 |
| Use ability | 49 |
| Assign group | 27 |
| Item give/drop | 4 |
105 units @ 10.2k
/ 1.7k
131 buildings @ 9.5k
/ 4.7k


| Scroll of Regeneration | 2 | 200 |
| Lesser Clarity Potion | 2 | 140 |
| total: | 4 | 340g |
| Peasant | 25 | 1875 | / | 0 |
| Mortar Team | 5 | 900 | / | 350 |
| Flying Machine | 21 | 2100 | / | 630 |
| total: | 51 | 4875g | / | 980w |
| Scout Tower | 12 | 360 | / | 240 |
| Arcane Tower | 3 | 210 | / | 150 |
| Guard Tower | 5 | 350 | / | 250 |
| Altar of Kings | 2 | 360 | / | 100 |
| Farm | 12 | 960 | / | 240 |
| Lumber Mill | 1 | 120 | / | 0 |
| Town Hall | 1 | 385 | / | 205 |
| Arcane Vault | 4 | 520 | / | 120 |
| Blacksmith | 1 | 140 | / | 60 |
| Cannon Tower | 2 | 240 | / | 200 |
| Workshop | 4 | 560 | / | 560 |
| Keep | 1 | 320 | / | 210 |
| Castle | 1 | 360 | / | 210 |
| total: | 37 | 3405g | / | 1525w |
| 0:02 | Peasant |
| 0:05 | Altar of Kings |
| 0:07 | Peasant |
| 0:18 | Farm |
| 0:20 | Peasant |
| 0:31 | Peasant |
| 0:37 | Peasant |
| 0:47 | Peasant |
| 0:54 | Farm |
| 0:57 | Peasant |
| 1:12 | Peasant |
| 1:19 | Lumber Mill |
| 1:22 | Peasant |
| 1:25 | Scout Tower |
| 1:48 | Peasant |
| 1:56 | Arcane Tower |
| 1:58 | Scout Tower |
| 2:01 | Peasant |
| 2:07 | Storm Bolt |
| 2:13 | Peasant |
| 2:48 | Guard Tower |
| 2:49 | Peasant |
| 2:50 | Improved Lumber Harvesting |
| 2:50 | Improved Masonry |
| 2:59 | Bash |
| 3:07 | Town Hall |
| 3:10 | Scout Tower |
| 3:20 | Peasant |
| 3:24 | Scout Tower |
| 3:45 | Storm Bolt |
| 3:55 | Arcane Vault |
| 4:06 | Arcane Tower |
| 4:16 | Guard Tower |
| 4:21 | Arcane Vault |
| 4:41 | Keep |
| 5:09 | Blacksmith |
| 5:20 | Arcane Vault |
| 5:51 | Bash |
| 5:53 | Bash |
| 6:05 | Farm |
| 6:06 | Farm |
| 6:06 | Farm |
| 7:35 | Scout Tower |
| 7:50 | Peasant |
| 7:50 | Peasant |
| 7:52 | Peasant |
| 7:53 | Advanced Masonry |
| 8:11 | Guard Tower |
| 8:25 | Workshop |
| 8:26 | Workshop |
| 8:27 | Workshop |
| 8:31 | Workshop |
| 8:42 | Black Gunpowder |
| 8:43 | Castle |
| 8:48 | Storm Bolt |
| 8:56 | Advanced Lumber Harvesting |
| 9:57 | Flak Cannons |
| 9:57 | Flare |
| 10:38 | Scout Tower |
| 10:40 | Scout Tower |
| 10:44 | Peasant |
| 10:44 | Peasant |
| 10:48 | Scout Tower |
| 10:59 | Arcane Tower |
| 11:00 | Peasant |
| 11:01 | Peasant |
| 11:02 | Cannon Tower |
| 11:43 | Guard Tower |
| 11:44 | Scout Tower |
| 11:46 | Scout Tower |
| 11:48 | Peasant |
| 11:51 | Fragmentation Shards |
| 11:52 | Flying Machine Bombs |
| 11:52 | Mortar Team |
| 11:57 | Holy Light |
| 12:08 | Imbued Masonry |
| 12:14 | Cannon Tower |
| 12:15 | Guard Tower |
| 12:17 | Peasant |
| 12:18 | Peasant |
| 12:25 | Peasant |
| 12:34 | Refined Gunpowder |
| 12:40 | Farm |
| 12:42 | Farm |
| 15:50 | Flying Machine |
| 15:50 | Flying Machine |
| 15:50 | Flying Machine |
| 15:50 | Flying Machine |
| 15:51 | Flying Machine |
| 15:51 | Flying Machine |
| 15:51 | Flying Machine |
| 15:54 | Scroll of Regeneration |
| 15:59 | Lesser Clarity Potion |
| 15:59 | Lesser Clarity Potion |
| 16:15 | Imbued Gunpowder |
| 16:16 | Iron Plating |
| 16:29 | Scout Tower |
| 16:30 | Scout Tower |
| 16:47 | Farm |
| 16:48 | Farm |
| 17:17 | Flying Machine |
| 17:17 | Flying Machine |
| 17:33 | Flying Machine |
| 17:33 | Flying Machine |
| 17:33 | Flying Machine |
| 17:51 | Flying Machine |
| 17:51 | Flying Machine |
| 17:51 | Flying Machine |
| 17:52 | Flying Machine |
| 17:52 | Flying Machine |
| 17:52 | Flying Machine |
| 17:52 | Flying Machine |
| 20:02 | Farm |
| 20:03 | Farm |
| 20:03 | Farm |
| 21:23 | Flying Machine |
| 21:23 | Flying Machine |
| 21:44 | Arcane Vault |
| 22:18 | Mortar Team |
| 22:18 | Mortar Team |
| 22:24 | Scroll of Regeneration |
| 23:01 | Divine Shield |
| 23:27 | Mortar Team |
| 23:27 | Mortar Team |
| 23:37 | Storm Bolt |
| 23:42 | Altar of Kings |
| 24:47 | Holy Light |
| Right click | 1595 |
| Select | 364 |
| Select group | 300 |
| Build/train/purchase | 115 |
| Use ability | 84 |
| Misc. action | 83 |
| Esc | 18 |
| Assign group | 11 |
| Resource trade | 10 |
| Minimap ping | 3 |
| Item give/drop | 1 |
GIGA
(207)
(24:51) : 


| Peasant | 18 | 1350 | / | 0 |
| Priest | 4 | 540 | / | 40 |
| Mortar Team | 10 | 1800 | / | 700 |
| total: | 32 | 3690g | / | 740w |
| Scout Tower | 32 | 960 | / | 640 |
| Guard Tower | 9 | 630 | / | 450 |
| Arcane Tower | 7 | 490 | / | 350 |
| Altar of Kings | 2 | 360 | / | 100 |
| Farm | 8 | 640 | / | 160 |
| Lumber Mill | 2 | 240 | / | 0 |
| Blacksmith | 1 | 140 | / | 60 |
| Town Hall | 1 | 385 | / | 205 |
| Cannon Tower | 1 | 120 | / | 100 |
| Arcane Sanctum | 2 | 300 | / | 280 |
| Workshop | 1 | 140 | / | 140 |
| Keep | 1 | 320 | / | 210 |
| Castle | 1 | 360 | / | 210 |
| total: | 49 | 3165g | / | 1585w |
| 0:03 | Peasant |
| 0:03 | Peasant |
| 0:09 | Altar of Kings |
| 0:13 | Farm |
| 0:14 | Farm |
| 0:26 | Peasant |
| 0:36 | Peasant |
| 0:51 | Peasant |
| 1:29 | Lumber Mill |
| 1:30 | Peasant |
| 1:35 | Peasant |
| 1:51 | Peasant |
| 2:02 | Peasant |
| 2:16 | Peasant |
| 2:16 | Peasant |
| 2:19 | Improved Lumber Harvesting |
| 2:19 | Improved Masonry |
| 2:33 | Peasant |
| 2:38 | Scout Tower |
| 2:41 | Scout Tower |
| 2:43 | Peasant |
| 2:44 | Peasant |
| 2:58 | Storm Bolt |
| 3:05 | Scout Tower |
| 3:06 | Scout Tower |
| 3:09 | Scout Tower |
| 3:11 | Scout Tower |
| 3:15 | Guard Tower |
| 3:35 | Scout Tower |
| 3:36 | Scout Tower |
| 3:39 | Scout Tower |
| 3:41 | Scout Tower |
| 3:42 | Guard Tower |
| 4:12 | Keep |
| 4:17 | Scout Tower |
| 4:26 | Lumber Mill |
| 4:29 | Scout Tower |
| 4:31 | Scout Tower |
| 4:32 | Arcane Tower |
| 4:41 | Guard Tower |
| 4:44 | Guard Tower |
| 4:53 | Scout Tower |
| 4:54 | Scout Tower |
| 4:58 | Scout Tower |
| 5:06 | Scout Tower |
| 5:07 | Arcane Tower |
| 5:10 | Scout Tower |
| 5:11 | Scout Tower |
| 5:11 | Scout Tower |
| 5:12 | Scout Tower |
| 5:25 | Guard Tower |
| 5:45 | Arcane Tower |
| 5:47 | Guard Tower |
| 5:56 | Scout Tower |
| 5:57 | Arcane Tower |
| 5:59 | Guard Tower |
| 7:07 | Farm |
| 7:09 | Castle |
| 7:15 | Arcane Sanctum |
| 7:18 | Blacksmith |
| 7:20 | Arcane Tower |
| 7:23 | Scout Tower |
| 7:24 | Scout Tower |
| 7:26 | Guard Tower |
| 7:36 | Arcane Sanctum |
| 7:40 | Advanced Masonry |
| 8:09 | Guard Tower |
| 8:25 | Scout Tower |
| 8:25 | Scout Tower |
| 8:31 | Advanced Lumber Harvesting |
| 8:36 | Workshop |
| 8:47 | Magic Sentry |
| 8:48 | Priest |
| 8:57 | Black Gunpowder |
| 9:33 | Flare |
| 9:33 | Fragmentation Shards |
| 9:34 | Flying Machine Bombs |
| 9:41 | Cannon Tower |
| 10:59 | Holy Light |
| 11:33 | Town Hall |
| 11:39 | Farm |
| 11:41 | Farm |
| 11:42 | Flak Cannons |
| 11:43 | Mortar Team |
| 11:43 | Mortar Team |
| 11:55 | Scout Tower |
| 12:19 | Mortar Team |
| 12:23 | Priest Adept Training |
| 12:50 | Peasant |
| 12:50 | Peasant |
| 12:54 | Peasant |
| 13:09 | Arcane Tower |
| 13:22 | Peasant |
| 13:40 | Imbued Masonry |
| 14:46 | Priest |
| 14:48 | Mortar Team |
| 14:48 | Mortar Team |
| 15:55 | Siphon Mana |
| 16:07 | Refined Gunpowder |
| 16:09 | Barrage |
| 16:23 | Scout Tower |
| 16:23 | Scout Tower |
| 16:24 | Scout Tower |
| 16:25 | Scout Tower |
| 16:25 | Scout Tower |
| 16:42 | Priest Master Training |
| 16:43 | Sorceress Adept Training |
| 17:24 | Arcane Tower |
| 17:31 | Farm |
| 17:34 | Farm |
| 17:35 | Farm |
| 18:26 | Imbued Gunpowder |
| 18:55 | Mortar Team |
| 18:55 | Mortar Team |
| 19:59 | Mortar Team |
| 20:25 | Mortar Team |
| 20:26 | Mortar Team |
| 20:30 | Priest |
| 20:30 | Priest |
| 20:31 | Sorceress Master Training |
| 20:56 | Storm Bolt |
| 22:09 | Altar of Kings |
| 22:27 | Divine Shield |
| Right click | 1331 |
| Select group | 495 |
| Select | 400 |
| Build/train/purchase | 89 |
| Resource trade | 35 |
| Assign group | 20 |
| Use ability | 19 |
| Minimap ping | 13 |
| Misc. action | 11 |
| Esc | 4 |
Cabeelibob
(194)
(24:51) : 
| Peasant | 22 | 1650 | / | 0 |
| total: | 22 | 1650g | / | 0w |
| Scout Tower | 28 | 840 | / | 560 |
| Guard Tower | 11 | 770 | / | 550 |
| Arcane Tower | 5 | 350 | / | 250 |
| Altar of Kings | 2 | 360 | / | 100 |
| Farm | 5 | 400 | / | 100 |
| Lumber Mill | 3 | 360 | / | 0 |
| Blacksmith | 1 | 140 | / | 60 |
| Arcane Vault | 1 | 130 | / | 30 |
| Cannon Tower | 2 | 240 | / | 200 |
| Workshop | 3 | 420 | / | 420 |
| Arcane Sanctum | 2 | 300 | / | 280 |
| Keep | 1 | 320 | / | 210 |
| Castle | 1 | 360 | / | 210 |
| total: | 45 | 2950g | / | 1550w |
| 0:05 | Altar of Kings |
| 0:08 | Farm |
| 0:10 | Farm |
| 0:19 | Peasant |
| 0:19 | Peasant |
| 0:29 | Peasant |
| 0:36 | Peasant |
| 0:49 | Peasant |
| 1:17 | Lumber Mill |
| 2:06 | Scout Tower |
| 2:16 | Peasant |
| 2:16 | Peasant |
| 2:25 | Peasant |
| 2:27 | Peasant |
| 2:29 | Improved Masonry |
| 2:35 | Farm |
| 2:37 | Farm |
| 2:38 | Guard Tower |
| 2:39 | Peasant |
| 2:54 | Peasant |
| 2:55 | Peasant |
| 3:09 | Peasant |
| 3:35 | Scout Tower |
| 3:36 | Scout Tower |
| 3:37 | Scout Tower |
| 3:40 | Improved Lumber Harvesting |
| 3:43 | Peasant |
| 3:47 | Farm |
| 4:13 | Scout Tower |
| 4:14 | Scout Tower |
| 4:14 | Scout Tower |
| 4:16 | Guard Tower |
| 4:25 | Scout Tower |
| 4:38 | Scout Tower |
| 4:39 | Scout Tower |
| 4:42 | Scout Tower |
| 4:47 | Guard Tower |
| 4:58 | Peasant |
| 5:02 | Scout Tower |
| 5:03 | Scout Tower |
| 5:04 | Scout Tower |
| 5:05 | Scout Tower |
| 5:14 | Guard Tower |
| 5:22 | Lumber Mill |
| 5:33 | Scout Tower |
| 5:39 | Guard Tower |
| 5:50 | Scout Tower |
| 5:54 | Scout Tower |
| 5:55 | Guard Tower |
| 6:05 | Arcane Tower |
| 6:09 | Arcane Tower |
| 6:14 | Scout Tower |
| 6:35 | Guard Tower |
| 6:56 | Guard Tower |
| 7:00 | Scout Tower |
| 7:00 | Scout Tower |
| 7:06 | Keep |
| 7:09 | Guard Tower |
| 7:17 | Blacksmith |
| 7:24 | Scout Tower |
| 8:08 | Scout Tower |
| 8:10 | Scout Tower |
| 8:13 | Scout Tower |
| 8:14 | Arcane Tower |
| 8:16 | Guard Tower |
| 8:17 | Guard Tower |
| 8:43 | Arcane Tower |
| 8:44 | Arcane Tower |
| 8:52 | Scout Tower |
| 8:57 | Scout Tower |
| 9:27 | Scout Tower |
| 9:58 | Arcane Vault |
| 10:13 | Altar of Kings |
| 10:23 | Castle |
| 10:53 | Holy Light |
| 12:19 | Workshop |
| 12:24 | Workshop |
| 12:28 | Workshop |
| 12:47 | Arcane Sanctum |
| 12:50 | Arcane Sanctum |
| 12:55 | Peasant |
| 12:55 | Peasant |
| 12:55 | Peasant |
| 12:56 | Peasant |
| 12:56 | Peasant |
| 12:56 | Peasant |
| 12:56 | Peasant |
| 14:18 | Fragmentation Shards |
| 14:21 | Cannon Tower |
| 14:29 | Magic Sentry |
| 15:05 | Cannon Tower |
| 15:12 | Advanced Masonry |
| 16:52 | Lumber Mill |
| 17:06 | Imbued Masonry |
| Right click | 497 |
| Select | 303 |
| Misc. action | 68 |
| Build/train/purchase | 56 |
| Resource trade | 37 |
| Use ability | 9 |
| Assign group | 5 |
| Select group | 5 |
| Remove unit | 2 |
| Minimap ping | 2 |
| Esc | 1 |
⇛